Map: Zen LE

Players

ViBE - Winner!

  • Race: Zerg Zerg
  • League: Platinum
  • Spawn Location: 1:00

global

  • Race: Zerg Zerg
  • League: Diamond
  • Spawn Location: 7:00

VOD

Have the link to the VOD?

Description

Time

  • Played on: Dec. 12, 2019, 11:33 p.m.
  • Length: 10:00
Show
View Real Time Build Order
Export as new Build Order

ViBE Zerg - Winner!

Build Orders: Hatch First, Roach Hydra 

Get SALT Encoding   

  12  0:00  Drone  
  13  0:12  Overlord  
  13  0:17  Drone  
  14  0:30  Drone x2  
  16  0:51  Hatchery  
  16  0:56  Drone  
  16  0:58  Drone  
  17  1:11  Spawning Pool  
  17  1:14  Drone  
  17  1:20  Drone  
  17  1:22  Drone  
  19  1:31  Drone  
  20  1:38  Extractor  
  19  1:43  Drone  
  20  1:55  Overlord  
  20  2:03  Queen x2  
  20  2:05  Zergling x4  
  26  2:19  Drone  
  26  2:20  Drone  
  28  2:28  Drone x2  
  30  2:34  Drone  
  31  2:41  Drone  
  32  2:46  Queen  
  32  2:47  Lair  
  34  2:52  Drone  
  34  2:53  Drone  
  36  3:01  Overlord  
  35  3:08  Drone  
  35  3:09  Overlord  
  35  3:10  Roach Warren  
  35  3:18  Drone  
  36  3:20  Drone x6  
  42  3:29  Drone x2  
  44  3:43  Hatchery  
  42  3:48  Drone  
  42  3:49  Drone x5  
  42  3:51  Extractor  
  42  3:52  Extractor  
  42  3:54  Glial Reconstitution  
  46  3:58  Overlord  
  46  4:00  Drone x3  
  49  4:20  Roach  
  49  4:21  Roach x2  
  55  4:25  Queen  
  55  4:26  Roach  
  57  4:35  Roach  
  59  4:47  Overseer  
  59  4:58  Roach x3  
  65  5:00  Drone  
  65  5:02  Overlord x2  
  66  5:17  Overlord x5  
  66  5:18  Overlord  
  66  5:26  Drone  
  66  5:27  Drone x3  
  70  5:33  Evolution Chamber  
  69  5:35  Drone  
  69  5:36  Drone x2  
  74  5:50  Roach x4  
  80  5:59  Overlord  
  80  6:03  Roach  
  80  6:04  Roach x8  
  98  6:14  Drone x2  
  98  6:18  Hydralisk Den  
  99  6:19  Drone x3  
  92  6:26  Drone  
  92  6:27  Drone x5  
  98  6:33  Zerg Missile Weapons Level 1  
  98  6:34  Drone x4  
  98  6:35  Drone  
  101  6:44  Roach x2  
  103  6:50  Overlord  
  103  6:53  Extractor  
  102  6:56  Extractor  
  102  6:58  Grooved Spines  
  101  7:02  Extractor, Drone  
  101  7:03  Drone x3  
  101  7:04  Hatchery  
  101  7:07  Roach x5  
  113  7:14  Roach x2  
  119  7:23  Roach x5  
  127  7:30  Drone  
  128  7:40  Overlord x4  
  128  7:41  Overlord x3  
  128  7:42  Roach  
  132  7:51  Roach x3  
  132  7:52  Roach  
  132  7:57  Overseer  
  138  7:59  Overlord x3  
  138  8:01  Roach  
  138  8:02  Roach x6  
  152  8:09  Muscular Augments  
  152  8:12  Roach x3  
  158  8:18  Hydralisk x2  
  162  8:20  Hydralisk  
  162  8:22  Hydralisk x4  
  162  8:26  Hydralisk x2  
  176  8:27  Hydralisk  
  176  8:28  Hydralisk  
  176  8:29  Hydralisk x3  
  176  8:31  Hydralisk  
  188  8:45  Roach x5  
  188  8:46  Roach  
  200  8:51  Infestation Pit  
  199  8:56  Overseer x2  
  199  9:14  Drone  
  200  9:20  Hatchery  
  187  9:34  Hydralisk  
  187  9:35  Hydralisk x12  
  187  9:38  Drone  
  198  9:39  Roach  
Show
View Real Time Build Order
Export as new Build Order

global Zerg 

Build Orders: Hatch First 

Get SALT Encoding   

  12  0:02  Drone  
  13  0:12  Overlord  
  13  0:21  Drone  
  14  0:44  Hatchery  
  14  0:47  Drone  
  14  0:56  Drone x2  
  16  1:02  Drone  
  17  1:16  Spawning Pool  
  16  1:19  Drone  
  16  1:23  Extractor  
  16  1:30  Drone  
  18  1:32  Drone  
  18  1:42  Drone  
  19  1:52  Overlord  
  19  2:02  Queen  
  19  2:03  Queen  
  19  2:05  Drone  
  24  2:10  Overlord  
  24  2:17  Drone  
  24  2:18  Drone  
  26  2:25  Drone  
  26  2:26  Drone  
  28  2:32  Drone  
  30  2:37  Zergling x2  
  30  2:39  Spine Crawler  
  30  2:43  Zergling x2  
  30  2:45  Zergling x2  
  31  2:52  Zergling x2  
  32  3:05  Drone x2  
  34  3:10  Drone  
  35  3:16  Drone  
  35  3:17  Drone x2, Evolution Chamber  
  35  3:18  Roach Warren  
  36  3:35  Drone x6  
  42  3:50  Extractor x2  
  40  3:58  Zerg Missile Weapons Level 1  
  40  4:00  Overlord x2  
  40  4:01  Drone x2  
  40  4:02  Drone  
  43  4:03  Drone  
  44  4:18  Lair  
  44  4:27  Overlord x2  
  43  4:34  Drone x2  
  45  4:40  Roach x4  
  53  4:51  Drone  
  54  4:55  Drone x2  
  54  4:56  Zergling x2  
  54  4:57  Zergling x2  
  58  5:04  Roach  
  58  5:05  Roach x3  
  66  5:09  Roach  
  68  5:24  Roach  
  68  5:25  Hatchery, Roach x3  
  75  5:34  Overlord x3  
  72  5:43  Roach  
  71  5:52  Roach  
  71  5:53  Roach x6  
  83  6:01  Roach  
  84  6:13  Roach  
  84  6:14  Roach  
  88  6:20  Roach x4  
  86  6:30  Roach x5  
  94  6:39  Roach  
  76  6:55  Drone x10  
  86  7:02  Glial Reconstitution  
  86  7:04  Zerg Missile Weapons Level 2  
  86  7:15  Drone x5  
  91  7:31  Drone  
  91  7:34  Drone x2  
  91  7:35  Hatchery  
  91  7:36  Extractor x2  
  91  7:42  Hydralisk Den  
  90  7:45  Drone x3  
  90  7:46  Drone  
  90  7:47  Drone x3  
  90  7:48  Drone x2, Queen  
  101  8:01  Spine Crawler  
  101  8:03  Spine Crawler, Overlord  
  101  8:04  Overlord x3  
  99  8:08  Overseer  
  99  8:17  Hydralisk, Muscular Augments  
  99  8:18  Hydralisk x2  
  105  8:21  Drone  
  105  8:22  Drone x8  
  114  8:43  Hydralisk  
  114  8:44  Hydralisk x8  
  132  8:53  Overlord x3  
  132  8:58  Drone  
  132  8:59  Drone x4  
  137  9:17  Hydralisk x3  
  137  9:18  Hydralisk x3  
  137  9:20  Roach  
  137  9:21  Roach x4  
  159  9:30  Roach  
  159  9:31  Roach x4  
  121  9:41  Roach x3  
Tags
 
Composition
Roach Hydra
Matchup
ZvZ
Race
Zerg
Replay Pack
Zerg
Spawn Locations
Cross Positions
Add a new tag
Caveats
  • Supply blocks, unpowered buildings, or Contaminate may cause inaccurate times.
  • Supply counts are checked every 10 seconds.